 Dungeon Crawl Stone Soup version 0.31-a0-182-gc5ef74bbde (webtiles) character file.

Game seed: 12906001184887355777

536 juan097 the Magician (level 7, -5/52 HPs)
             Began as a Djinni Hedge Wizard on June 21, 2023.
             Shot with an arrow by a centaur (7 damage)
             ... on level 5 of the Dungeon.
             The game lasted 00:13:31 (5097 turns).

juan097 the Magician (Djinni Hedge Wizard)          Turns: 5097, Time: 00:13:31

Health: -5/52      AC:  5    Str:  9    XL:     7   Next: 50%
Gold:   211        EV: 12    Int: 18    God:
                   SH:  0    Dex: 12

rFire   + + +        a - staff of poison
rCold   . . .        (no shield)
rNeg    . . .        f - +0 robe {rC+}
rPois   ∞            n - +1 helmet
rElec   .            (no cloak)
rCorr   .            m - +0 pair of gloves of the Barracuda {Slay+2}
SInv    +            (boots unavailable)
Will    .....        (no amulet)
Stlth   ++           w - ring of protection from fire
HPRegen 0.28/turn    A - ring of see invisible
MPRegen 0.00/turn

%: infuse magic (-6 HP)
@: on blink cooldown, flying
A: sickness immunity, fire resistance 2, cold vulnerability 1, float, innate
caster, HP casting, extra vitality 1
a: no special abilities


You were on level 5 of the Dungeon.
You visited 1 branch of the dungeon, and saw 5 of its levels.

You collected 211 gold pieces.

Inventory:

Hand Weapons
 g - a +0 dagger
 q - a +2 vampiric spear
Missiles
 o - 11 poisoned darts
Armour
 c - a +0 hat
 f - a +0 robe of cold resistance (worn)
 m - the +0 pair of gloves of the Barracuda (worn) {Slay+2}
   (You found it on level 2 of the Dungeon)

   Slay:      It affects your accuracy & damage with ranged weapons and melee
   (+2).
 n - a +1 helmet (worn)
Magical Staves
 a - a staff of poison (weapon)
 s - a staff of death
 B - a staff of cold
Jewellery
 w - a ring of protection from fire (left hand)
 A - a ring of see invisible (right hand)
Wands
 t - a wand of light (9)
Scrolls
 d - 4 scrolls of immolation {unknown}
 e - a scroll of fog {unknown}
 l - 4 scrolls of identify {unknown}
 u - a scroll of enchant armour {unknown}
 v - a scroll of silence {unknown}
 x - a scroll of amnesia {unknown}
 y - a scroll of noise {unknown}
 z - a scroll of teleportation {unknown}
Potions
 b - a potion of resistance {unknown}
 h - 2 potions of invisibility {unknown}
 i - 2 potions of curing {unknown}
 j - a potion of enlightenment {unknown}
 k - 2 potions of degeneration {unknown}
 p - 2 potions of mutation {unknown}
 r - 2 potions of heal wounds {unknown}


   Skills:
 - Level 4.0 Fighting
 - Level 2.1 Dodging
 - Level 4.0 Stealth
 * Level 4.4 Spellcasting
 * Level 4.4 Conjurations
 * Level 4.4 Hexes
   Level 0.0 Charms
 * Level 4.4 Summonings
 * Level 4.4 Necromancy
 * Level 4.4 Translocations
 * Level 4.4 Transmutations
 * Level 4.4 Fire Magic
 * Level 4.4 Ice Magic
 * Level 4.4 Air Magic
 * Level 4.4 Earth Magic
 * Level 4.4 Poison Magic


You knew the following spells:

 Your Spells              Type           Power      Damage    Failure   Level
a - Magic Dart            Conj           80%        1d7       2%          1
b - Slow                  Hex            80%        N/A       2%          1
c - Blink                 Tloc           40%        N/A       3%          2
d - Call Imp              Summ           40%        N/A       3%          2
e - Mephitic Cloud        Conj/Pois/Air  30%        N/A       7%          3
f - Summon Small Mammal   Summ           80%        N/A       2%          1
g - Momentum Strike       Conj/Tloc      40%        3d9       3%          2
h - Confusing Touch       Hex            20%        N/A       7%          3
Your spell library was empty.

Dungeon Overview and Level Annotations

Branches:
Dungeon (5/15)
 Temple: D:4-7

Altars:
Cheibriados
Dithmenos
Fedhas
Qazlal

Annotations:
D:2 1 runed translucent door, Crazy Yiuf
D:4 Blork the orc
D:5 1 runed translucent door, IYTBazzie's ghost, novice TrEn


Innate Abilities, Weirdness & Mutations

You are immune to sickness and miasma.
You are immune to poison.
Your flesh is very heat resistant. (rF++)
You are vulnerable to cold. (rC-)
You float through the air rather than walking.
You learn spells naturally, not from books.
Your magical power is your life essence.
You have superior vitality. (+4 MHP)


Message History

Casting: Magic Dart (safe; 2% risk of failure)
Confirm with . or Enter, or press ? or * to list all spells.
Casting: Summon Small Mammal (safe; 2% risk of failure)
Confirm with . or Enter, or press ? or * to list all spells.
You blink.
Your quokka bites the centaur.
Casting: Blink (safe; 3% risk of failure)
Confirm with . or Enter, or press ? or * to list all spells.
A tiny devil pulls itself out of the air.
The centaur wields a +0 shortbow.
The centaur shoots an arrow.
The arrow completely misses you.
Your quokka barely misses the centaur.
The magic dart hits the centaur.
The centaur is lightly wounded.
The centaur shoots an arrow.
The arrow hits you!
Your quokka bites the centaur but does no damage.
The centaur shoots an arrow.
The arrow hits you!
You feel stable enough to blink again.
Your quokka bites the centaur.
The centaur shoots an arrow.
The arrow hits you.
The centaur shoots an arrow.
The arrow hits you!
* * * LOW HITPOINT WARNING * * *
Your quokka barely misses the centaur. x2; The centaur shoots an arrow.
The arrow hits your cerulean imp.
The hound closely misses your cerulean imp.
The centaur shoots an arrow.
The arrow hits you!
* * * LOW HITPOINT WARNING * * *
The centaur shoots an arrow.
The arrow hits you.
* * * LOW HITPOINT WARNING * * *
Casting: Magic Dart (safe; 2% risk of failure)
Confirm with . or Enter, or press ? or * to list all spells.
You blink.
* * * LOW HITPOINT WARNING * * *
The hound barely misses you.
The centaur shoots an arrow.
The arrow closely misses you. The hound attacks as you move away!
The hound barely misses you.
The centaur shoots an arrow.
The arrow hits your quokka!
Your quokka dies!
Your quokka's corpse disappears in a puff of smoke!
Your cerulean imp hits the centaur but does no damage.
The hound bites you but does no damage.
The centaur shoots an arrow.
The arrow hits you!
You die...

.h ... ... ..#.#.#.# #.# ..
##...... c...... ##..#.#.#
.#.#. ...#... (c.##.#.....
###....# #.##........
#......# ###..#........
#......####..§c...#.....
###......@....5..##.#.....
......#..#.h.....#.........
..... ##.....###...........
.##..###..##......#........
##..#..###.#....#..#.##..
.##.....##......##.####...
...............##...# #..#
#.........##...##.######..
##..._...####........#....


You could see a centaur (ally target), a hound and a friendly cerulean imp
(summoned).

Vanquished Creatures
  A scorpion (D:5)
  A howler monkey (D:5)
  A jelly (D:4)
  An orc priest (D:3)
  A hound (D:4)
  Natasha (twice) (D:2)
  2 orc wizards (D:5)
  4 adders
  A white imp (D:5)
  An ufetubus (D:4)
  2 worms
  5 dart slugs
  10 orcs
  4 endoplasms
  2 giant cockroaches (D:1)
  6 goblins
  10 hobgoblins
  A jackal (D:5)
  6 quokkas
  7 ball pythons
  9 bats
  3 frilled lizards
  9 kobolds
  8 rats
97 creatures vanquished.

Vanquished Creatures (collateral kills)
  An ogre (D:4)
  2 orcs (D:3)
  A quokka (D:2)
4 creatures vanquished.

Grand Total: 101 creatures vanquished

Notes
Turn   | Place    | Note
-------+----------+-------------------------------------------
     0 | D:1      | juan097 the Djinni Hedge Wizard began the quest for the
                  | Orb.
     0 | D:1      | juan097 set off with the following spells memorised: Magic
                  | Dart, Slow, Blink, Call Imp, Mephitic Cloud.
     0 | D:1      | Reached XP level 1. HP: 15/15 MP: 0/0
   133 | D:1      | Reached XP level 2. HP: 19/22 MP: 0/0
   488 | D:1      | Reached skill level 1 in Fighting
   592 | D:1      | Reached XP level 3. HP: 25/27 MP: 0/0
   592 | D:1      | Learned a level 1 spell: Summon Small Mammal
  1238 | D:2      | Noticed Natasha
  1534 | D:2      | Reached XP level 4. HP: 30/33 MP: 0/0
  1672 | D:2      | You are sucked into a shaft and drop 2 floors!
  1695 | D:4      | Noticed an ogre
  1893 | D:3      | Reached XP level 5. HP: 7/38 MP: 0/0
  1893 | D:3      | Learned a level 2 spell: Momentum Strike
  2028 | D:2      | Identified the +0 pair of gloves of the Barracuda {Slay+2}
  2045 | D:2      | Found a runed translucent door.
  2114 | D:2      | Killed Natasha
  2262 | D:2      | Found a blossoming altar of Fedhas.
  2392 | D:2      | Noticed Crazy Yiuf
  2411 | D:2      | Noticed Natasha
  2416 | D:2      | Killed Natasha
  2709 | D:3      | Found a snail-covered altar of Cheibriados.
  3225 | D:4      | Reached XP level 6. HP: 34/46 MP: 0/0
  3702 | D:4      | Noticed an ice beast
  3759 | D:4      | Killed an ogre
  4043 | D:4      | Reached XP level 7. HP: 47/51 MP: 0/0
  4043 | D:4      | Learned a level 3 spell: Confusing Touch
  4054 | D:4      | Noticed Blork the orc
  4056 | D:4      | Found a stormy altar of Qazlal.
  4375 | D:5      | Entered Level 5 of the Dungeon
  4375 | D:5      | Noticed IYTBazzie's ghost (novice TrEn)
  4375 | D:5      | Found a runed translucent door.
  4702 | D:5      | Identified the +3 scale mail of Melancholy {Drain rPois
                  | Int+2}
  5062 | D:5      | Found a shadowy altar of Dithmenos.
  5097 | D:5      | Shot with an arrow by a centaur

Illustrated notes

Levels and vault maps discovered:
D:1:      dpeg_arrival_pond, layout_basic, minmay_misc_feat_iff,
          chequers_mini_garden
D:2:      layout_rooms, basic_altar, uniq_natasha, uniq_crazy_yiuf_cottage
D:3:      layout_loops_ring, kennysheep_slug_shrine
D:4:      layout_basic, grunt_qazlal_sundering, uniq_blork_the_orc
D:5:      layout_cave_pools, nicolae_dithmenos_shadow_blocks,
          hellmonk_ghost_happy_afterlife, st_stairs_11, minivault_14

Skill      XL: |  1  2  3  4  5  6  7 |
---------------+----------------------+-----
Spellcasting   | 3 4 |  4.4
Conjurations   | 3 4 |  4.4
Hexes          | 3 4 |  4.4
Summonings     | 3 4 |  4.4
Necromancy     | 3 4 |  4.4
Translocations | 3 4 |  4.4
Transmutations | 3 4 |  4.4
Fire Magic     | 3 4 |  4.4
Ice Magic      | 3 4 |  4.4
Air Magic      | 3 4 |  4.4
Earth Magic    | 3 4 |  4.4
Poison Magic   | 3 4 |  4.4
Fighting       | 1 2 3 4 |  4.0
Stealth        | 2 3 4 |  4.0
Dodging        | |  2.1

Action                     |  1- 3 |  4- 6 |  7- 9 || total
---------------------------+-------+-------+-------++-------
  Melee: Dagger            |       |     6 |       ||     6
         Staff             |       |     1 |       ||     1
   Cast: Magic Dart        |   102 |   170 |    81 ||   353
         Call Imp          |     1 |     2 |     2 ||     5
         Slow              |     1 |     1 |       ||     2
         Mephitic Cloud    |       |     4 |     1 ||     5
         Summon Small Mamm |       |     2 |     1 ||     3
         Blink             |       |       |     3 ||     3
 Armour: Robe              |     3 |    14 |     3 ||    20
  Dodge: Dodged            |    16 |    38 |    20 ||    74

Table legend: (Time is in decaauts)
 A = Elapsed time spent in this place.
 B = Non-inter-level travel time spent in this place.
 C = Inter-level travel time spent in this place.
 D = Time resting spent in this place.
 E = Time spent auto-exploring this place.
 F = Levels seen in this place.
 G = Mean time per level.
                   A        B        C        D        E       F      G
               +--------+--------+--------+--------+--------+-----+--------+
         Total |   5099 |   4860 |    239 |      0 |   3771 |   5 | 1019.8 |
       Dungeon |   5099 |   4860 |    239 |      0 |   3771 |   5 | 1019.8 |
               +--------+--------+--------+--------+--------+-----+--------+

Top non-repeatable levels by time:
     D:1: 1434 daAuts
     D:4: 1323 daAuts
     D:3: 1033 daAuts
     D:2: 808 daAuts
     D:5: 501 daAuts
